 Dungeon Crawl Stone Soup version 0.21-a0-621-gc60411f (webtiles) character file.

2 Amnesiac the Insei (level 1, -1/13 HPs)
             Began as an Octopode Transmuter on Dec 23, 2017.
             Slain by a goblin (4 damage)
             ... on level 1 of the Dungeon.
             The game lasted 00:00:08 (27 turns).

Amnesiac the Insei (Octopode Transmuter)              Turns: 27, Time: 00:00:08

Health: -1/13      AC:  1    Str:  9    XL:     1   Next: 40%
Magic:  3/3        EV: 13    Int: 15    God:
Gold:   0          SH:  0    Dex: 12    Spells: 3/4 levels left

rFire    . . .     SeeInvis .     - Unarmed
rCold    . . .     Gourm    .   (no shield)
rNeg     . . .     Faith    .   (helmet restricted)
rPois    .         Spirit   .   (no amulet)
rElec    .         Reflect  .   (no ring)
rCorr    .         Harm     .   (no ring)
MR       .....                  (no ring)
Stlth    ++........             (no ring)
HPRegen  0.04/turn              (no ring)
MPRegen  0.08/turn              (no ring)
                                (no ring)
                                (no ring)

@: no status effects
A: almost no armour, stealthy swim, amphibious, 8 rings, constrict 8, camouflage
1, gelatinous body 1
a: no special abilities


You were on level 1 of the Dungeon.
You were not hungry.

You visited 1 branch of the dungeon, and saw 1 of its levels.

Inventory:

Missiles
 a - 12 arrows
Scrolls
 d - a scroll of teleportation {!r, unknown}
Books
 b - a book of Changes

   Spells                             Type                      Level
   a - Beastly Appendage              Transmutation                1
   b - Sticks to Snakes               Transmutation                2
   c - Spider Form                    Transmutation/Poison         3
   d - Ice Form                       Ice/Transmutation            4
   e - Blade Hands                    Transmutation                5
Comestibles
 c - a ration


   Skills:
 + Level 1.2 Fighting
 - Level 2.0 Dodging
 - Level 3.0 Unarmed Combat
 - Level 2.0 Spellcasting
 + Level 2.1 Transmutations


You had 3 spell levels left.
You knew the following spells:

 Your Spells              Type           Power        Failure   Level  Hunger
a - Beastly Appendage     Tmut           #.....       10%         1    #......


Dungeon Overview and Level Annotations

Branches:
Dungeon (1/15)

Altars:


Innate Abilities, Weirdness & Mutations

You cannot wear most types of armour.
You are very stealthy in the water. (Stealth+)
You are amphibious.
You can wear up to eight rings at the same time.
You can use your tentacles to constrict eight enemies at once.
Your skin changes colour to match your surroundings (Stealth+).
Your rubbery body absorbs attacks. (AC +1, EV +1)


Message History

Press ? for a list of commands and other information.
Found a scroll labeled UCINO JI QIG.
Found a staircase leading out of the dungeon.
d - a scroll labeled UCINO JI QIG {!r} No target in view!
You open the gate.
A hobgoblin comes into view. It is wielding a club.
The hobgoblin shouts!
There is an open gate here.
A hobgoblin is nearby!
A hobgoblin is nearby!
The hobgoblin barely misses you.
A hobgoblin is nearby!
You tentacle-slap the hobgoblin.
The hobgoblin is heavily wounded.
The hobgoblin hits you with a club.
A hobgoblin is nearby!
You tentacle-slap the hobgoblin.
The hobgoblin is almost dead.
A hobgoblin comes into view. It is wielding a club.
There are monsters nearby!
The hobgoblin shouts!
You tentacle-slap the hobgoblin.
You kill the hobgoblin!
A hobgoblin is nearby!
Things that are here:
a club; a hobgoblin corpse A hobgoblin is nearby!
A goblin comes into view.
There are monsters nearby!
The hobgoblin hits you with a club.
A hobgoblin comes into view. It is wielding a club.
You see here a ration.
There are monsters nearby!
You barely miss the hobgoblin.
The hobgoblin shouts!
The hobgoblin hits you with a club.
* * * LOW HITPOINT WARNING * * *
There are monsters nearby!
You are too injured to fight recklessly!
There are monsters nearby!
You are too injured to fight recklessly!
There are monsters nearby!
You are too injured to fight recklessly!
There are monsters nearby!
You are too injured to fight recklessly!
There are monsters nearby!
You are too injured to fight recklessly!
You closely miss the hobgoblin.
The hobgoblin hits you but does no damage.
You closely miss the hobgoblin. You grab the hobgoblin.
You squeeze the hobgoblin.
The hobgoblin is severely wounded.
You constrict the hobgoblin. The hobgoblin barely misses you.
You tentacle-slap the hobgoblin but do no damage.
You squeeze the hobgoblin.
You kill the hobgoblin!
You tentacle-slap the goblin but do no damage.
The goblin closely misses you.
You closely miss the goblin. The goblin closely misses you.
You miss the goblin. You grab the goblin.
You constrict the goblin, but do no damage.
The goblin hits you.
You die...

......#
..... .....
... ... #g#
#g# #@# #.#
#)# #.#
#.####
#....#
##'''##
##8...8##
##.......##


You could see a hobgoblin and a goblin.

Vanquished Creatures
  2 hobgoblins (D:1)
2 creatures vanquished.

Notes
Turn   | Place    | Note
-------+----------+-------------------------------------------
     0 | D:1      | Amnesiac the Octopode Transmuter began the quest for the Orb.
     0 | D:1      | Reached XP level 1. HP: 13/13 MP: 3/3
    27 | D:1      | Slain by a goblin

Vault maps used:
D:1:      kennysheep_arrival_forest

Action                   || total
-------------------------++-------
Melee: Unarmed           ||    10
       Constrict         ||     2
       Tentacles         ||     2
Dodge: Dodged            ||     4

Table legend:
 A = Spawn XP
 B = Non-spawn XP
 C = Spawn XP percentage of total XP
 D = Spawn monster count
 E = Non-spawn monster count
 F = Spawn count percentage of total count
 G = Total turns spent on level
                    A         B        C        D         E        F      G
               +---------+---------+-------+---------+---------+-------+---------
         Total |       0 |       4 |   0.0 |       0 |       2 |   0.0 |    27
               +---------+---------+-------+---------+---------+-------+---------
           D:1 |       0 |       4 |   0.0 |       0 |       2 |   0.0 |    27
               +---------+---------+-------+---------+---------+-------+---------
